Map: Para Site LE

Players

doubledown

  • Race: Protoss Protoss
  • League: Gold
  • Spawn Location: 5:00

Mesrob - Winner!

  • Race: Terran Terran
  • League: Gold
  • Spawn Location: 11:00

VOD

Have the link to the VOD?

Description

Time

  • Played on: Jan. 11, 2019, 12:38 p.m.
  • Length: 14:26
Show
View Real Time Build Order
Export as new Build Order

doubledown Protoss 

Build Orders:  

Get SALT Encoding   

  12  0:02  Probe  
  13  0:19  Pylon  
  13  0:22  Probe  
  14  0:34  Probe  
  15  0:42  Forge  
  15  0:46  Probe  
  16  0:58  Gateway  
  16  1:17  Pylon  
  16  1:37  Photon Cannon  
  16  1:52  Probe  
  16  2:02  Cybernetics Core  
  16  2:04  Probe  
  17  2:11  Zealot, Photon Cannon  
  19  2:19  Assimilator  
  19  2:28  Assimilator  
  18  2:50  Pylon  
  18  2:51  Probe  
  19  2:58  Nexus  
  19  3:03  Probe  
  20  3:15  Probe  
  20  3:19  Photon Cannon  
  21  3:27  Probe  
  21  3:31  Gateway  
  22  3:39  Probe  
  22  3:40  Photon Cannon  
  23  3:51  Probe  
  24  4:02  Pylon  
  24  4:03  Probe  
  24  4:08  Pylon  
  25  4:14  Twilight Council  
  25  4:15  Probe  
  26  4:21  Probe  
  26  4:22  Photon Cannon  
  26  4:29  Probe  
  27  4:35  Probe  
  29  4:38  Probe  
  30  4:47  Probe  
  30  4:50  Stargate  
  31  4:56  Stargate  
  31  4:59  Probe  
  32  5:03  Probe  
  32  5:05  Assimilator  
  33  5:10  Assimilator  
  33  5:39  Probe  
  34  5:46  Void Ray  
  38  5:51  Probe  
  38  5:55  Dark Shrine  
  39  5:58  Zealot x2  
  39  6:02  Charge  
  39  6:04  Probe  
  44  6:12  Probe  
  44  6:16  Probe  
  46  6:22  Void Ray  
  46  6:24  Probe  
  46  6:25  Zealot  
  53  6:28  Probe  
  54  6:34  Probe  
  54  6:36  Probe  
  55  6:42  Probe  
  55  6:44  Probe  
  57  6:50  Probe  
  57  6:51  Stargate  
  58  6:54  Probe  
  62  7:12  Nexus  
  62  7:19  Probe  
  61  7:38  Gateway  
  61  7:51  Pylon  
  61  7:59  Pylon  
  61  8:02  Pylon  
  61  8:05  Pylon  
  61  8:07  Pylon  
  61  8:09  Void Ray x2  
  61  8:12  Pylon  
  69  8:17  Void Ray  
  69  8:18  Dark Templar x2  
  77  8:21  Stargate  
  77  8:26  Dark Templar  
  79  8:42  Probe  
  79  8:44  Probe  
  81  8:52  Probe  
  81  8:54  Probe  
  81  8:55  Pylon  
  82  8:57  Dark Templar  
  82  9:02  Dark Templar, Probe  
  87  9:06  Dark Templar  
  90  9:12  Void Ray  
  90  9:14  Probe  
  95  9:18  Assimilator  
  95  9:24  Assimilator  
  95  9:26  Probe  
  95  9:27  Photon Cannon  
  96  9:33  Robotics Facility  
  96  9:34  Robotics Facility  
  96  9:36  Dark Templar  
  98  9:41  Zealot  
  98  9:42  Void Ray  
  98  9:45  Zealot  
  106  10:08  Zealot  
  106  10:11  Photon Cannon  
  108  10:15  Void Ray  
  108  10:16  Void Ray  
  108  10:19  Zealot  
  108  10:20  Zealot  
  120  10:27  Protoss Shields Level 1  
  120  10:31  Robotics Bay  
  120  10:35  Zealot  
  122  10:38  Protoss Air Weapons Level 1  
  122  10:40  Pylon  
  122  10:46  Zealot  
  122  10:49  Pylon  
  124  10:53  Pylon  
  124  10:58  Void Ray  
  124  10:59  Void Ray  
  124  11:01  Pylon  
  132  11:09  Probe  
  132  11:18  Probe  
  133  11:23  Probe  
  135  11:26  Probe  
  135  11:29  Void Ray  
  140  11:34  Colossus  
  140  11:35  Probe  
  140  11:38  Probe  
  148  11:40  Extended Thermal Lance  
  148  11:47  Probe  
  148  11:48  Colossus  
  148  11:50  Probe  
  156  11:58  Pylon  
  156  11:59  Probe  
  157  12:01  Pylon  
  157  12:09  Void Ray  
  157  12:12  Probe  
  157  12:13  Pylon  
  162  12:28  Colossus  
  168  12:35  Pylon  
  168  12:40  Pylon  
  168  12:41  Colossus  
  174  12:53  Void Ray  
  174  12:54  Void Ray x2  
  186  13:03  Stargate  
  186  13:06  Zealot  
  186  13:07  Zealot x2  
  192  13:17  Stargate  
  192  13:20  Stargate  
  192  13:31  Stargate  
  192  13:33  Zealot  
  194  13:34  Zealot x2  
  194  13:39  Fleet Beacon  
Show
View Real Time Build Order
Export as new Build Order

Mesrob Terran - Winner!

Build Orders: Mech 

Get SALT Encoding   

  12  0:00  SCV  
  13  0:12  SCV  
  14  0:17  Supply Depot  
  14  0:24  SCV  
  15  0:38  SCV  
  15  0:41  Barracks  
  16  0:48  Refinery  
  16  0:50  SCV  
  17  1:03  SCV  
  18  1:30  Marine  
  19  1:59  Command Center  
  19  2:11  Bunker  
  19  2:23  Marine  
  19  2:28  Factory  
  19  2:50  Supply Depot  
  19  2:52  Orbital Command  
  19  2:59  Barracks Tech Lab  
  19  3:14  Orbital Command  
  19  3:21  Engineering Bay  
  19  3:32  Supply Depot  
  19  3:42  Marine  
  19  3:45  SCV  
  21  3:49  SCV  
  22  3:57  SCV  
  22  3:58  Refinery  
  22  4:00  Siege Tank  
  22  4:01  SCV  
  27  4:13  SCV  
  28  4:18  Armory  
  28  4:23  Refinery, SCV  
  29  4:26  SCV  
  30  4:32  Siege Tank  
  30  4:35  SCV  
  30  4:38  SCV  
  35  4:47  SCV  
  35  4:50  SCV  
  37  4:59  SCV  
  38  5:02  SCV  
  38  5:04  Siege Tank  
  38  5:06  Missile Turret  
  42  5:11  SCV  
  42  5:13  Factory  
  43  5:14  SCV  
  43  5:17  Marine  
  45  5:23  SCV  
  45  5:25  Supply Depot  
  45  5:26  SCV  
  47  5:28  Missile Turret  
  47  5:35  SCV  
  47  5:38  SCV  
  49  5:47  SCV  
  50  5:50  Missile Turret  
  50  5:51  Thor  
  50  5:52  Missile Turret  
  56  5:57  Supply Depot  
  56  6:00  Terran Vehicle Weapons Level 1  
  56  6:12  Missile Turret, SCV  
  56  6:13  SCV  
  58  6:21  Supply Depot, Factory Reactor  
  58  6:24  SCV  
  59  6:25  SCV  
  60  6:34  Refinery  
  60  6:36  SCV  
  60  6:38  SCV  
  62  6:40  Missile Turret  
  62  6:47  Thor  
  62  6:48  SCV  
  62  6:50  SCV  
  70  7:00  SCV  
  71  7:02  Supply Depot, SCV  
  72  7:12  SCV  
  72  7:14  SCV  
  74  7:23  Supply Depot  
  74  7:24  SCV  
  74  7:25  Supply Depot  
  74  7:26  SCV  
  76  7:30  Command Center, Thor  
  82  7:37  Armory  
  82  7:40  Hellbat x2  
  86  7:46  Factory  
  86  7:49  Supply Depot  
  86  7:55  Terran Vehicle And Ship Armor Level 1  
  86  8:03  Supply Depot  
  86  8:12  SCV  
  87  8:13  Supply Depot, SCV, Thor  
  94  8:24  SCV  
  94  8:25  SCV  
  96  8:32  Factory Tech Lab  
  96  8:35  Hellbat x2  
  96  8:36  SCV  
  96  8:39  Terran Vehicle Weapons Level 2  
  101  8:55  Thor  
  101  8:59  Refinery, Thor  
  101  9:00  Refinery, Hellbat x2  
  101  9:02  SCV x2  
  119  9:14  SCV x2  
  121  9:26  SCV  
  121  9:31  Missile Turret  
  122  9:33  Supply Depot  
  122  9:41  Thor  
  122  9:42  Hellbat x2, Thor  
  138  9:47  Infernal Pre-Igniter  
  138  9:50  Smart Servos  
  138  9:53  Missile Turret  
  138  9:56  Supply Depot  
  138  10:03  Hellbat  
  140  10:07  Planetary Fortress  
  140  10:17  SCV  
  140  10:18  SCV  
  140  10:20  Supply Depot  
  142  10:27  Sensor Tower  
  142  10:29  SCV  
  142  10:30  SCV  
  144  10:41  SCV  
  144  10:42  SCV  
  146  10:44  Supply Depot, Command Center  
  146  10:51  Starport  
  146  10:53  SCV  
  147  10:58  Starport  
  147  10:59  Terran Vehicle And Ship Armor Level 2  
  147  11:01  Terran Ship Weapons Level 1  
  147  11:11  Thor x2  
  147  11:12  Hellbat x2  
  163  11:29  Missile Turret x2  
  163  11:30  Refinery  
  163  11:33  Refinery, Missile Turret  
  163  11:36  Starport  
  163  11:41  Hellbat x2  
  163  11:42  Command Center  
  167  11:48  Marine  
  168  11:55  Thor x2  
  168  11:57  SCV  
  168  11:58  SCV x2  
  183  12:02  Hellbat  
  183  12:03  Hellbat  
  183  12:06  Marine, Supply Depot  
  188  12:17  Starport Tech Lab  
  188  12:18  Starport Tech Lab  
  188  12:21  Starport Tech Lab  
  188  12:25  Starport  
  188  12:27  Marine  
  189  12:30  Supply Depot  
  189  12:33  Starport  
  189  12:36  Supply Depot  
  189  12:42  Fusion Core  
  189  12:45  Marine  
  190  12:53  Supply Depot  
  190  13:10  Starport  
  190  13:15  Thor  
  196  13:26  Starport Tech Lab x2  
  196  13:28  Raven x2  
Tags
 
Composition
Mech
League
GoldGold
Matchup
PvT
Replay Pack
sc2 replays
Spawn Locations
Cross Positions
Add a new tag
Caveats
  • Supply blocks, unpowered buildings, or Contaminate may cause inaccurate times.
  • Supply counts are checked every 10 seconds.